 Dungeon Crawl Stone Soup version 0.31.0-9-g3a7656b989 (webtiles) character file.

Game seed: 5657108119295300579

12635 sanka the Grappler (level 11, -54/133 HPs)
             Began as a Troll Shapeshifter on Jan 24, 2024.
             Was an Initiate of the Shining One.
             Annihilated by an enormous slime creature (71 damage)
             ... on level 12 of the Dungeon.
             The game lasted 00:17:42 (9943 turns).

sanka the Grappler (Troll Shapeshifter)             Turns: 9943, Time: 00:17:43

Health: -54/133    AC: 17    Str: 29    XL:     11   Next: 65%
Magic:  10/10      EV: 10    Int:  6    God:    the Shining One [......]
Gold:   282        SH:  0    Dex: 13    Spells: 10/10 levels left

rFire   . .          .
                       - Unarmed
rCold   . . .        (shield currently unavailable)
rNeg    . . .        H - melded +0 acid dragon scales
rPois   +            (helmet currently unavailable)
rElec   .            (cloak currently unavailable)
rCorr   .            (gloves unavailable)
SInv    .            (boots unavailable)
Will    .....        T - amulet of regeneration
Stlth   +            o - +4 ring of protection
HPRegen 2.02/turn    M - +4 ring of protection
MPRegen 0.12/turn

%: no passive effects
@: snake-form, glowing
A: constrict, boosted hp, large, unfitting armour, (claws 3), regeneration 1,
(shaggy fur 1), (tough skin 1)
a: Begin Untransformation, Renounce Religion


You were on level 12 of the Dungeon.
You worshipped the Shining One.
The Shining One was noncommittal.
You were an enormous serpent.
You visited 2 branches of the dungeon, and saw 13 of its levels.
You also visited: Sewer.

You collected 942 gold pieces.
You spent 660 gold pieces at shops.


Innate Abilities, Weirdness & Mutations

You are an enormous serpent.
You have a powerful constriction melee attack.
Your maximum health is increased.
Your armour is entirely melded.
You are incapable of wielding weapons or throwing items.
You are too large for most types of armour.
((You have claws for hands.))
Your natural rate of healing is unusually fast.
((You are covered in fur. (AC +1)))
((You have tough skin. (AC +1)))


   Skills:
 - Level 8.0 Fighting
 - Level 1.5 Dodging
 + Level 13.0 Unarmed Combat
 - Level 10.0 Shapeshifting


You had 10 spell levels left.
You didn't know any spells.
Your spell library contained the following spells:

 Spells                   Type           Power      Damage    Failure   Level
 Foxfire                  Conj/Fire      0%         2x1d4     45%         1
 Static Discharge         Conj/Air       0%         3-3/arc   58%         2
 Dazzling Flash           Conj/Hex       0%         N/A       83%         3
 Volatile Blastmotes      Fire/Tloc      0%         2d10      83%         3
 Airstrike                Air            0%         2d(0-16)  99%         4
 Animate Dead             Necr           0%         N/A       99%         4
 Summon Lightning Spire   Summ/Air       0%         N/A       99%         4
 Vhi's Electric Charge    Tloc/Air       0%         N/A       99%         4
 Arcjolt                  Conj/Air       0%         1d10      100%        5
 Borgnjor's Vile Clutch   Necr/Erth      0%         N/A       100%        5
 Death Channel            Necr           0%         N/A       100%        6
 Plasma Beam              Fire/Air       0%         2x1d10    100%        6
 Starburst                Conj/Fire      0%         6d3       100%        6
 Maxwell's Capacitive Co  Air            0%         ∞         100%        8

Inventory:

Hand Weapons
 D - a +0 heavy dire flail
Missiles
 K - 17 curare-tipped darts {=f}
Armour
 c - a +0 troll leather armour {Pargi}
 F - a +0 cloak
 H - +0 acid dragon scales (melded)
 O - a scarf of shadows
Jewellery
 o - a +4 ring of protection (left hand)
 w - a ring of ice
 A - a ring of fire
 G - a +4 ring of slaying
 I - the ring "Xewohep" {Fly rPois rF- Int+2}

   [ring of flight]

   Int+2:     It affects your intelligence (+2).
   rF-:       It makes you vulnerable to fire.
   rPois:     It protects you from poison Fly: It grants you flight.
 J - a ring of willpower
 M - a +4 ring of protection (right hand)
 Q - a +4 ring of slaying
 T - an amulet of regeneration (around neck)
Talismans
 S - a serpent talisman (active)
Wands
 i - a wand of digging (6)
 s - a wand of roots (7)
 C - a wand of polymorph (4)
 L - a wand of mindburst (26)
 P - a wand of paralysis (3)
Scrolls
 e - 4 scrolls of revelation
 g - 2 scrolls of butterflies
 h - a scroll of torment {unknown}
 l - 2 scrolls of immolation {unknown}
 r - 6 scrolls of teleportation {@r4}
 t - 3 scrolls of enchant armour
 u - 3 scrolls of enchant weapon
 v - a scroll of fear {unknown}
 x - a scroll of noise {unknown}
 y - 2 scrolls of poison {!r}
 z - 3 scrolls of silence {!r}
 E - 2 scrolls of vulnerability {!r}
 R - a scroll of blinking {unknown}
Potions
 a - a potion of cancellation {unknown}
 b - a potion of haste {unknown}
 d - a potion of brilliance {unknown}
 f - 2 potions of heal wounds {unknown}
 j - 3 potions of magic {unknown}
 k - 2 potions of curing {unknown}
 m - 2 potions of resistance {unknown}
 n - 3 potions of ambrosia {unknown}
 p - a potion of degeneration {unknown}
 q - 3 potions of attraction {unknown}
 B - a potion of lignification {!q}
 N - 2 potions of might {unknown}

Dungeon Overview and Level Annotations

Branches:
Dungeon (12/15)            Temple (1/1) D:5            Lair (0/5) D:8
    Orc (0/2) D:9           Sewer (visited)

Altars:
Ashenzari
Cheibriados
Dithmenos
Elyvilon
Fedhas
Gozag
Hepliaklqana
Kikubaaqudgha
Makhleb
Nemelex Xobeh
Okawaru
Qazlal
Ru
Sif Muna
Trog
Uskayaw
Vehumet
Wu Jian
Xom
Yredelemnul
Zin
The Shining One

Shops:
D:1 (   D:9 [![==

Annotations:
D:8 exclusion: downstairs
D:9 exclusion: downstairs
D:10 2 transporters

....▒..▒
..▒....▒▒▒▒
..▒▒......▒▒▒▒▒
▒▒▒..▒▒.▒.....▒
▒▒▒▒.▒▒.▒▒▒▒▒.▒
▒.......▒ ▒.▒
▒(......▒ ▒.▒▒▒
▒.......▒
▒...▒▒▒▒
▒.......▒
▒▒▒.SJ.▒
▒▒▒▒....▒
▒▒▒▒...▒ ▒▒▒▒.▒
▒.▒ ▒.▒ ▒ .▒


You could see an enormous slime creature.


Message History

You lash the large slime creature!
The large slime creature is severely wounded.
Unknown command.
You body-slam the large slime creature!!
The large slime creature is almost dead.
Two slime creatures merge to form a very large slime creature.
Unknown command.
You body-slam the very large slime creature!!
The very large slime creature is almost dead.
Unknown command.
You hit the very large slime creature but do no damage.
The very large slime creature is almost dead.
Two slime creatures merge to form an enormous slime creature.
Unknown command.
You crush the enormous slime creature!!!
The enormous slime creature is severely wounded.
Unknown command.
You lash the enormous slime creature!
The enormous slime creature is severely wounded.
The enormous slime creature hits you!!!
You body-slam the enormous slime creature!!
The enormous slime creature is almost dead.
The enormous slime creature hits you!!!
* * * LOW HITPOINT WARNING * * *
Unknown command.
You lash the enormous slime creature!
The enormous slime creature is almost dead.
The enormous slime creature hits you!!!
Ouch! That really hurt!
You die...

Action                     |  1- 3 |  4- 6 |  7- 9 | 10-12 || total
---------------------------+-------+-------+-------+-------++-------
  Melee: Unarmed           |    60 |    81 |   211 |   276 ||   628
         Punch             |       |     3 |    13 |    15 ||    31
  Evoke: Wand              |       |       |       |     1 ||     1
    Use: Potion            |       |     1 |       |       ||     1
         Scroll            |       |       |       |     9 ||     9
 Armour: Animal skin       |    38 |    44 |       |       ||    82
         Skin              |       |     5 |       |     6 ||    11
         Troll leather arm |       |       |   140 |     9 ||   149
         Acid dragon scale |       |       |       |   167 ||   167
  Dodge: Dodged            |    23 |    18 |    77 |    87 ||   205
  Block: Other             |       |       |       |    23 ||    23
         Reflection        |       |       |       |     3 ||     3
   Form: Serpent           |       |       |       |     2 ||     2
                           |       |       |       |     1 ||     1

Levels and vault maps discovered:
D:1:      nzn_arrival_settlement, layout_rooms, serial_co_window_serial,
          co_window_paths_a, co_window_corner_a, co_window_paths_a,
          co_window_of_opportunity_a, co_window_paths_a, co_window_paths_b,
          co_window_cross_1, co_window_of_opportunity_a, co_window_paths_b,
          co_window_2corner, co_window_broadway_c, co_window_broadway_b,
          glass_columns_a, glass_columns_a, serial_shops,
          nicolae_shop_tiny_real_fake_doors
D:2:      layout_loops_ring, minmay_surrounded
D:3:      layout_basic, columned_hall_lemuel, minivault_24, uniq_grinder
D:4:      layout_rooms, portal_sewer_entry_b
D:5:      layout_gridville, minmay_temple_entry_mist, gammafunk_ghost_icy,
          serial_library_regret_index_branch_corner, hangedman_decor_push,
          nicolae_half_adder
D:6:      layout_rooms, uniq_pikel
D:7:      layout_loops_ring, uniq_crazy_yiuf_cottage, uniq_joseph
D:8:      layout_loops_ring, lair_entry_dummy, gammafunk_ghost_nasty_kobolds,
          nicolae_two_hexagons, uniq_maggie
D:9:      layout_loops_ring, minmay_orc_entry_temple_small, serial_shops,
          nicolae_shop_gaudy_bauble, shop, shop, nicolae_shop_window_shopping,
          nicolae_shop_advertising_works [nicolae_subvault_shop_adworks],
          minivault_16
D:10:     gammafunk_wand_slinger, layout_basic, fedhas_altar_fruit_tree,
          mainiacjoe_overflow_swirl
D:11:     layout_roguey, minivault_22, tgw_sif, uniq_amaemon
D:12:     layout_rooms, uniq_sonja
Temple:   nicolae_temple_bog_church

Notes
Turn   | Place    | Note
-------+----------+-------------------------------------------
     0 | D:1      | sanka the Troll Shapeshifter began the quest for the Orb.
     0 | D:1      | Reached XP level 1. HP: 18/18 MP: 0/0
   162 | D:1      | Reached skill level 1 in Fighting
   343 | D:1      | Reached XP level 2. HP: 27/27 MP: 1/1
   355 | D:1      | Found Moamuerr's Antique Weapon Shop.
   883 | D:2      | Reached XP level 3. HP: 33/33 MP: 2/2
   961 | D:2      | Reached skill level 4 in Unarmed Combat
  1471 | D:3      | Noticed a black bear
  1476 | D:3      | Killed a black bear
  1477 | D:3      | Reached skill level 5 in Unarmed Combat
  1477 | D:3      | Reached XP level 4. HP: 36/41 MP: 3/3
  1477 | D:3      | Reached XP level 5. HP: 42/48 MP: 4/4
  1538 | D:3      | Reached skill level 4 in Shapeshifting
  1936 | D:3      | Noticed Grinder
  1948 | D:3      | HP: 4/48 [Grinder (9)]
  1954 | D:3      | Killed Grinder
  1955 | D:3      | Reached skill level 6 in Unarmed Combat
  1955 | D:3      | Reached XP level 6. HP: 12/55 MP: 5/5
  2590 | D:4      | Found a glowing drain.
  2612 | Sewer    | Entered a sewer
  2623 | Sewer    | Noticed Pargi
  2625 | Sewer    | Killed Pargi
  2626 | Sewer    | Reached skill level 5 in Shapeshifting
  2626 | Sewer    | Reached XP level 7. HP: 62/62 MP: 6/6
  2684 | Sewer    | Reached skill level 7 in Unarmed Combat
  3094 | D:5      | Entered Level 5 of the Dungeon
  3124 | D:5      | Found a staircase to the Ecumenical Temple.
  3136 | D:5      | Found a runed translucent gate.
  3190 | D:5      | Reached skill level 8 in Unarmed Combat
  3200 | Temple   | Entered the Ecumenical Temple
  3222 | D:5      | Found a runed translucent gate.
  3222 | D:5      | Found a runed translucent gate.
  3255 | D:5      | Noticed Leszczynek's ghost (amateur DEGl)
  3349 | D:5      | Reached XP level 8. HP: 59/70 MP: 7/7
  3446 | D:5      | Reached skill level 6 in Shapeshifting
  4087 | D:5      | Reached skill level 9 in Unarmed Combat
  4101 | D:5      | Killed Leszczynek's ghost
  4570 | D:6      | Noticed Pikel
  4573 | D:6      | Reached skill level 10 in Unarmed Combat
  4577 | D:6      | Killed Pikel
  4578 | D:6      | Reached skill level 7 in Shapeshifting
  4578 | D:6      | Reached skill level 3 in Fighting
  4578 | D:6      | Reached XP level 9. HP: 71/83 MP: 8/8
  4665 | D:6      | Identified the +10 short sword of the Morning {freeze,
                  | rPois Int+4 Dex+4}
  4806 | D:7      | Noticed a two-headed ogre
  4810 | D:7      | Killed a two-headed ogre
  4811 | D:7      | Reached skill level 5 in Fighting
  4951 | D:7      | Noticed Joseph
  5085 | D:7      | Killed Joseph
  5086 | D:7      | Reached skill level 6 in Fighting
  5135 | D:7      | Reached skill level 7 in Fighting
  5154 | D:7      | Reached XP level 10. HP: 83/96 MP: 9/9
  5617 | D:7      | Found a runed translucent door.
  5618 | D:7      | Noticed Crazy Yiuf
  5701 | D:7      | Killed Crazy Yiuf
  5870 | D:8      | Found a staircase to the Lair.
  5889 | D:8      | Found a runed translucent gate.
  5889 | D:8      | Found a runed translucent gate.
  5889 | D:8      | Found a runed translucent gate.
  5890 | D:8      | Noticed dakkaduck's ghost (novice MiBe)
  6088 | D:8      | Identified +0 acid dragon scales
  6088 | D:8      | Noticed Maggie
  6106 | D:8      | Killed Maggie
  6196 | D:8      | Identified the ring "Xewohep" {Fly rPois rF- Int+2}
  6526 | D:8      | Reached skill level 8 in Fighting
  6634 | D:8      | Killed dakkaduck's ghost
  6721 | D:8      | Reached skill level 11 in Unarmed Combat
  6752 | D:9      | Found Cutsyqap's Distillery.
  6829 | D:9      | Found Gohurr's Jewellery Shoppe.
  7052 | D:9      | Noticed a two-headed ogre
  7060 | D:9      | Killed a two-headed ogre
  7120 | D:9      | Noticed a tengu warrior
  7133 | D:9      | Killed a tengu warrior
  7134 | D:9      | Reached skill level 12 in Unarmed Combat
  7166 | D:9      | Found Cout's Jewellery Shop.
  7198 | D:9      | Found a staircase to the Orcish Mines.
  7217 | D:9      | Noticed an obsidian statue
  7224 | D:9      | Noticed a smoke demon
  7449 | D:9      | Noticed a sixfirhy
  7457 | D:9      | Killed an obsidian statue
  7582 | D:9      | Found Roelloc's Antique Armour Emporium.
  7681 | D:9      | Reached XP level 11. HP: 104/111 MP: 10/10
  7786 | D:9      | Found Enky's Armour Shoppe.
  7855 | D:9      | Bought a serpent talisman for 330 gold pieces
  7855 | D:9      | Bought an amulet of regeneration for 330 gold pieces
  7882 | D:10     | Entered Level 10 of the Dungeon
  8180 | D:10     | Found a transporter.
  8186 | D:10     | Noticed an orc sorcerer
  8277 | D:10     | Found a blossoming altar of Fedhas.
  8491 | D:10     | Found a transporter.
  8493 | D:10     | Noticed a fire crab
  8544 | D:10     | Found a bloodstained altar of Trog.
  8553 | D:10     | Found a glowing golden altar of the Shining One.
  8724 | D:10     | Identified +0 acid dragon scales
  8792 | D:10     | Became a worshipper of the Shining One
  8999 | D:11     | Noticed Amaemon
  9012 | D:10     | Killed Amaemon
  9013 | D:10     | Reached skill level 8 in Shapeshifting
  9128 | D:11     | Noticed a boulder beetle
  9157 | D:11     | Killed a boulder beetle
  9188 | D:11     | Noticed a green ugly thing
  9197 | D:11     | Killed a green ugly thing
  9198 | D:11     | Reached skill level 9 in Shapeshifting
  9779 | D:11     | Found a shimmering blue altar of Sif Muna.
  9836 | D:12     | Noticed a boulder beetle
  9845 | D:12     | Killed a boulder beetle
  9846 | D:12     | Reached skill level 10 in Shapeshifting
  9849 | D:12     | Reached skill level 13 in Unarmed Combat
  9943 | D:12     | Annihilated by an enormous slime creature

Vanquished Creatures
  2 boulder beetles
  2 two-headed ogres
  A tengu warrior (D:9)
  Amaemon (D:10)
  The ghost of dakkaduck the Severer, a novice MiBe of Trog (D:8)
  An obsidian statue (D:9)
  Pikel (D:6)
  An ugly thing (D:11)
  A cyclops (D:11)
  Joseph (D:7)
  An orange demon (D:11)
  2 gargoyles
  Maggie (D:8)
  A troll (D:10)
  Grinder (D:3)
  A shadow (D:12)
  A wraith (D:10)
  A wyvern (D:10)
  The ghost of Leszczynek the Shooter, an amateur DEGl (D:5)
  2 acid dragons
  A water moccasin (D:6)
  A black bear (D:3)
  Pargi (Sewer)
  4 orc warriors
  An ogre (D:5)
  An ice beast (D:5)
  3 centaurs
  A brain worm (Sewer)
  10 kobold brigands
  A bullfrog (D:9)
  3 gnoll sergeants
  3 scorpions
  5 wights (D:7)
  3 killer bees (D:10)
  4 howler monkeys
  A wyvern simulacrum (D:5)
  5 jellies
  10 orc priests
  2 hounds
  Crazy Yiuf (D:7)
  3 sleepcaps
  5 iguanas
  13 orc wizards
  A centaur simulacrum (D:5)
  A bullfrog simulacrum (D:5)
  13 adders
  15 gnolls
  2 river rats (D:4)
  2 hound simulacra (D:5)
  3 white imps
  2 ufetubi (D:7)
  A dart slug (D:4)
  A ribbon worm (D:2)
  48 orcs
  9 ball pythons
  3 bats
  5 endoplasms
  6 giant cockroaches
  7 goblins
  4 hobgoblins
  A jackal (D:2)
  3 quokkas
  4 frilled lizards
  10 kobolds
  6 rats
253 creatures vanquished.
